 Dungeon Crawl Stone Soup version 0.31-a0-848-gaac375c287 (webtiles) character file.

Game seed: 3133304001106446064

281 subawu the Covert (level 6, -3/36 HPs)
             Began as a Kobold Brigand on Oct 4, 2023.
             Slain by a sleepcap (7 damage)
             ... on level 3 of the Dungeon.
             The game lasted 00:07:34 (2592 turns).

subawu the Covert (Kobold Brigand)                  Turns: 2592, Time: 00:07:34

Health: -3/36      AC:  3    Str: 10    XL:     6   Next: 53%
Magic:  6/6        EV: 14    Int: 13    God:
Gold:   76         SH:  0    Dex: 16    Spells: 5/5 levels left

rFire   . . .        a - +2 dagger
rCold   + . .        (no shield)
rNeg    . . .        o - +0 robe {rC+}
rPois   .            (no helmet)
rElec   .            c - +0 cloak
rCorr   .            (no gloves)
SInv    .            (no boots)
Will    .....        (no amulet)
Stlth   +++++        (no ring)
HPRegen 0.26/turn    (no ring)
MPRegen 0.10/turn

%: no passive effects
@: no status effects
A: small, no large weapons, nightstalker 3
a: no special abilities


You were on level 3 of the Dungeon.
You visited 1 branch of the dungeon, and saw 3 of its levels.

You collected 76 gold pieces.

Inventory:

Hand Weapons
 a - a +2 dagger (weapon)
Missiles
 d - 9 poisoned darts (quivered)
 e - 3 curare-tipped darts
 l - 33 stones
Armour
 b - a +0 robe
 c - a +0 cloak (worn)
 m - a +0 chain mail
 o - a +0 robe of cold resistance (worn)
Jewellery
 q - a ring of fire
 r - an amulet of guardian spirit
Scrolls
 g - 3 scrolls of immolation {unknown}
 h - 2 scrolls of revelation {unknown}
 i - a scroll of enchant weapon {unknown}
 j - a scroll of amnesia {unknown}
 p - a scroll of identify {unknown}
Potions
 f - a potion of degeneration {unknown}
 k - a potion of attraction {unknown}
 n - a potion of brilliance {unknown}
 s - a potion of lignification {unknown}
 t - 2 potions of heal wounds {unknown}


   Skills:
 + Level 2.7 Fighting
 + Level 4.3 Short Blades
 + Level 2.6 Throwing
 + Level 1.9 Dodging
 + Level 8.9 Stealth


You had 5 spell levels left.
You didn't know any spells.
Your spell library contained the following spells:

 Spells                   Type           Power      Damage    Failure   Level
 Magic Dart               Conj           0%         1d3       30%         1
 Blink                    Tloc           0%         N/A       43%         2
 Call Imp                 Summ           0%         N/A       43%         2
 Mephitic Cloud           Conj/Pois/Air  0%         N/A       67%         3
 Manifold Assault         Tloc           0%         N/A       97%         4


Dungeon Overview and Level Annotations

Branches:
Dungeon (3/15)

Altars:
Elyvilon
Wu Jian
Zin

Shops:
D:1 ?=?


Innate Abilities, Weirdness & Mutations

You are small and have problems with some larger weapons.
You are completely attuned to the shadows.


Message History

The sleepcap releases spores at you but does no damage.
You hit the sleepcap but do no damage.
The sleepcap is heavily damaged.
The bat barely misses you. The sleepcap misses you.
You hit the sleepcap but do no damage.
The sleepcap is heavily damaged.
The bat hits you but does no damage. The sleepcap barely misses you.
You hit the sleepcap.
The sleepcap is severely damaged.
The bat hits you but does no damage. The bat barely misses you.
You hit the sleepcap but do no damage.
The sleepcap is severely damaged.
The bat hits you but does no damage. The sleepcap releases spores at you.
You are engulfed in a cloud of soporific spores!
You fall asleep.
The bat hits you but does no damage. The sleepcap releases spores at you!
You wake up.
* * * LOW HITPOINT WARNING * * *
You hit the sleepcap but do no damage.
The sleepcap is severely damaged.
The bat barely misses you. The sleepcap releases spores at you.
* * * LOW HITPOINT WARNING * * *
You hit the sleepcap but do no damage.
The sleepcap is severely damaged.
The bat misses you. The sleepcap releases spores at you.
* * * LOW HITPOINT WARNING * * *
You hit the sleepcap but do no damage.
The sleepcap is severely damaged.
The bat closely misses you. The sleepcap releases spores at you.
* * * LOW HITPOINT WARNING * * *
You hit the sleepcap but do no damage.
The sleepcap is severely damaged.
The bat barely misses you.
You completely miss the sleepcap.
The sleepcap is severely damaged.
The bat closely misses you. The sleepcap misses you.
You hit the sleepcap.
The sleepcap is almost destroyed.
The bat closely misses you. The sleepcap releases spores at you!
You die...

[..##.≈.≈≈≈b≈.#............#....#
##.##.≈≈...≈≈.#............####..
#.##.≈≈._.≈≈.##...........## ##.
#.##.≈≈...≈≈.###...........#####
#.##.≈.≈≈≈.≈.# ###########...###
#.##.≈.....≈.###### ###..##
#.##..≈≈≈≈≈..#....# ##.#
#...#########..b..# #.# #####
#...@f<# #.## #.#.##.# ##..#
#.$.# ..# ####.... #.##> #.
.....##. #. ####..#.. #.....#.#
#. #.###.#.# ...##.###....
...#.....>...


You could see a sleepcap and a bat.

Vanquished Creatures
  Sigmund (D:2)
  Natasha (twice) (D:3)
  5 adders
  A dart slug (D:3)
  A bat (D:1)
  4 endoplasms
  A goblin (D:2)
  2 hobgoblins
  3 kobolds
  A quokka (D:2)
  3 ball pythons
  3 frilled lizards
  2 rats (D:2)
29 creatures vanquished.

Notes
Turn   | Place    | Note
-------+----------+-------------------------------------------
     0 | D:1      | subawu the Kobold Brigand began the quest for the Orb.
     0 | D:1      | Reached XP level 1. HP: 12/12 MP: 1/1
    63 | D:1      | Found Kol Ulug's Magic Scroll Emporium.
   109 | D:1      | Found Iblot's Antique Armour Boutique.
   249 | D:1      | Found Isaimosch's Jewellery Shop.
   296 | D:1      | Found Ywygal's Magic Scroll Shoppe.
   323 | D:1      | Found a faded altar of an unknown god.
   994 | D:2      | Reached XP level 2. HP: 11/17 MP: 2/2
  1136 | D:2      | Reached skill level 6 in Stealth
  1175 | D:2      | Reached XP level 3. HP: 15/21 MP: 3/3
  1639 | D:2      | Noticed Sigmund
  1644 | D:2      | Killed Sigmund
  1645 | D:2      | Reached skill level 8 in Stealth
  1645 | D:2      | Reached XP level 4. HP: 27/27 MP: 4/4
  1645 | D:2      | Reached XP level 5. HP: 31/31 MP: 5/5
  1645 | D:2      | Reached XP level 6. HP: 36/36 MP: 6/6
  1740 | D:3      | Noticed Natasha
  1742 | D:3      | Killed Natasha
  1814 | D:3      | Found a white marble altar of Elyvilon.
  2281 | D:3      | Noticed Natasha
  2302 | D:3      | Killed Natasha
  2474 | D:3      | Found a glowing silver altar of Zin.
  2541 | D:3      | Found an ornate altar of the Wu Jian Council.
  2592 | D:3      | Slain by a sleepcap

Illustrated notes

Levels and vault maps discovered:
D:1:      nzn_arrival_depleted_hourglass, layout_basic, serial_shops,
          nicolae_shop_trees, shop, nicolae_shop_crystal,
          nicolae_shop_statue_plus, ebering_ecumenical_altar_sacrificial
D:2:      layout_rooms, supply_closet_lemuel, uniq_sigmund
D:3:      layout_rooms, mainiacjoe_overflow_paths,
          mainiacjoe_overflow_concentric_impassable, marbit_many_paths,
          st_stairs_7, hangedman_decor_points, grunt_decor_resistance,
          uniq_natasha

Skill      XL: |  1  2  3 |
---------------+----------+-----
Short Blades   | 3 4 |  4.3
Stealth        | 6 8 |  8.9
Fighting       | |  2.7
Throwing       | |  2.6
Dodging        | |  1.9

Action                     |  1- 3 |  4- 6 || total
---------------------------+-------+-------++-------
  Melee: Dagger            |    43 |    75 ||   118
         Punch             |     1 |       ||     1
   Stab: Sleeping          |     9 |     6 ||    15
 Armour: Robe              |    14 |    41 ||    55
         Chain mail        |     3 |       ||     3
  Dodge: Dodged            |    21 |    46 ||    67

Table legend: (Time is in decaauts)
 A = Elapsed time spent in this place.
 B = Non-inter-level travel time spent in this place.
 C = Inter-level travel time spent in this place.
 D = Time resting spent in this place.
 E = Time spent auto-exploring this place.
 F = Levels seen in this place.
 G = Mean time per level.
                   A        B        C        D        E       F      G
               +--------+--------+--------+--------+--------+-----+--------+
         Total |   2584 |   2456 |    128 |     88 |   1890 |   3 |  861.3 |
       Dungeon |   2584 |   2456 |    128 |     88 |   1890 |   3 |  861.3 |
               +--------+--------+--------+--------+--------+-----+--------+

Top non-repeatable levels by time:
     D:1: 960 daAuts
     D:3: 851 daAuts
     D:2: 773 daAuts
